AoeStats
← COCOTVNC

Oasis

510052302Analyzed
4v4 RM · 2d ago on Sep 29, 2026· 23m 3s· 8 players
Game mode
Random Map
Map size
Large (8 player)
Population
200
Speed
Normal
Resources
Standard
Victory
Conquest
Starting age
Dark Age
Ending age
Imperial Age
RankedLock teamsTeams togetherTeam positionsShared explorationLock speedFull tech treeHidden civsTurbo modeCheats
Victory
Defeat
🇭🇰 Maya · Hong Kong SAR China
1211
+15
🇭🇰 Mapuche · Hong Kong SAR China
1211
+15
🇭🇰 Franks · Hong Kong SAR China
1195
+15
🇨🇳 Franks · China
1156
+17
🇳🇨 Danes · New Caledonia
1257
-18
🇫🇷 Saxons · France
1188
-16
🇳🇨 Wei · New Caledonia
1144
-14
🇫🇷 Britons · France
1142
-14
Boy oh boy
10:19 Feudal Age
14:00 Castle Age
11:55 Double-Bit Axe
15:51 Loom
18:21 Bow Saw
18:38 Horse Collar
20:50 Wheelbarrow
21:53 Scale Mail Armor
22:56 Chain Mail Armor
22:51 Squires
COCOTVNC
6:33 Loom
9:54 Feudal Age
12:50 Double-Bit Axe
20:49 Castle Age
19:04 Fletching
21:11 Crossbowman
K1ller401
5:52 Loom
8:50 Feudal Age
9:53 Double-Bit Axe
12:09 Fletching
13:02 Padded Archer Armor
15:57 Horse Collar
20:15 Wheelbarrow
23:48 Castle Age
Chill Trip
5:59 Loom
9:43 Feudal Age
10:12 Double-Bit Axe
10:10 Horse Collar
17:45 Scale Barding Armor
24:17 Castle Age
bbhin
0:28 Loom
9:19 Feudal Age
12:21 Fletching
14:21 Padded Archer Armor
17:05 Wheelbarrow
22:59 Castle Age
21:11 Horse Collar
21:28 Gold Mining
23:00 Crossbowman
23:36 Bodkin Arrow
MaGicPK
3:46 Loom
10:32 Feudal Age
14:43 Castle Age
12:58 Double-Bit Axe
16:39 Wheelbarrow
16:38 Loom
19:45 Scale Barding Armor
21:13 Chain Barding Armor
22:53 Forging
23:17 Bow Saw
Hung Kaho
11:58 Feudal Age
13:16 Double-Bit Axe
13:12 Horse Collar
18:27 Castle Age
17:12 Fletching
17:27 Padded Archer Armor
19:18 Bow Saw
19:20 Bodkin Arrow
20:58 Gold Mining
肥肥猫
5:50 Loom
5:55 Loom
9:10 Feudal Age
9:46 Double-Bit Axe
18:26 Castle Age
16:35 Scale Barding Armor
17:55 Forging
18:47 Gold Mining
19:37 Light Cavalry
20:21 Husbandry
22:33 Bow Saw
Connection lost

Rejoining the realm…

Still unreachable

The connection could not be restored.

Session expired

The server has moved on; the page needs a fresh start.